MID
HARTFORD YARD GOATS @ AUGUSTA GREENJACKETS
08/26/2045
 
TOP OF THE 1ST
Hartford Yard Goats batting - Pitching for Augusta GreenJackets : RHP Dan Post
Pitching: RHP Dan Post
Batting: LHB Glenn Lowther 0-0: Ball
1-0: Foul Ball, location: 2F
1-1: TRIPLE (Flyball, 8LXD, EV 108.8 MPH)
Batting: LHB Greg Valenzuela 0-0: Ground out 6-3 (Groundball, 4MS, EV 88.1 MPH)
Glenn Lowther scores
Batting: RHB Eric Garrett 0-0: Ball
1-0: Foul Ball, location: 2F
1-1: Fly out, F8 (Flyball, 8LD, EV 97.5 MPH)
Batting: LHB Jeremy Brammer 0-0: Called Strike
0-1: Ball
1-1: Foul Ball, location: 2F
1-2: Ball
2-2: Ball
3-2: Foul Ball, location: 2F
3-2: Base on Balls
Batting: RHB Chris Tatum 0-0: Ball
1-0: Ball
2-0: Swinging Strike
2-1: Ball
3-1: Foul Ball, location: 2F
3-2: Foul Ball, location: 2F
3-2: Fly out, F7 (Flyball, 7, EV 86.9 MPH)
Top of the 1st over - 1 run, 1 hit, 0 errors, 1 left on base; Hartford 1 - Augusta 0
BOTTOM OF THE 1ST
Augusta GreenJackets batting - Pitching for Hartford Yard Goats : RHP Dave Spriggs
Pitching: RHP Dave Spriggs
Batting: LHB J.P. Olson 0-0: Ground out 4-3 (Groundball, 4S, EV 81.2 MPH)
Batting: LHB Gil Caraveo 0-0: Ball
1-0: Swinging Strike
1-1: Ball
2-1: Foul Ball, location: 2F
2-2: SINGLE (Groundball, 4MD, EV 96.9 MPH)
Batting: LHB Jared Paige 0-0: Swinging Strike
0-1: Ball
1-1: Ball
Wild Pitch!
Gil Caraveo to second
2-1: SINGLE (Popup, 4D, EV 46.9 MPH)
Gil Caraveo to third
Batting: RHB Josh Lippens 0-0: Ball
1-0: Swinging Strike
1-1: Called Strike
Jared Paige steals 2nd base
1-2: Ball
2-2: Fly out, F9 (Flyball, 9LD, EV 88.1 MPH)
Runner from 3rd tags up, OUT at HOME! 9-2
Bottom of the 1st over - 0 runs, 2 hits, 0 errors, 1 left on base; Hartford 1 - Augusta 0
TOP OF THE 2ND
Hartford Yard Goats batting - Pitching for Augusta GreenJackets : RHP Dan Post
Batting: RHB Bryce Hickman 0-0: Fly out, F5 (Line Drive, 5, EV 63.8 MPH)
Batting: RHB Guillermo Veronese 0-0: Ball
1-0: Ball
2-0: Foul Ball, location: 2F
2-1: Foul Ball, location: 2F
2-2: Ball
3-2: Strikes out looking
Batting: LHB Elijah Black 0-0: Swinging Strike
0-1: Ball
1-1: Foul Ball, location: 2F
1-2: Strikes out swinging
Top of the 2nd over - 0 runs, 0 hits, 0 errors, 0 left on base; Hartford 1 - Augusta 0
BOTTOM OF THE 2ND
Augusta GreenJackets batting - Pitching for Hartford Yard Goats : RHP Dave Spriggs
Batting: RHB Devin Lowery 0-0: Foul Ball, location: 2F
0-1: Ball
1-1: Called Strike
1-2: Strikes out swinging
Batting: RHB Jonathan Reece 0-0: DOUBLE (Flyball, 8RXD, EV 96.9 MPH)
Batting: RHB Micah McErlean 0-0: SINGLE (Groundball, P, EV 79.4 MPH) (infield hit)
Jonathan Reece to third
Batting: RHB Gabe Ochoa 0-0: Foul Ball, location: 2F
0-1: Ball
1-1: Foul Ball, location: 2F
1-2: Strikes out swinging
Batting: RHB Ryan Johnston 0-0: Called Strike
0-1: Foul Ball, location: 2F
0-2: Ball
1-2: Strikes out looking
Bottom of the 2nd over - 0 runs, 2 hits, 0 errors, 2 left on base; Hartford 1 - Augusta 0
TOP OF THE 3RD
Hartford Yard Goats batting - Pitching for Augusta GreenJackets : RHP Dan Post
Batting: LHB Brian Levensailor 0-0: Ball
1-0: DOUBLE (Flyball, 78XD, EV 103.8 MPH)
Batting: LHB Glenn Lowther 0-0: Ball
1-0: Ball
2-0: Ball
3-0: Swinging Strike
3-1: Base on Balls
Batting: LHB Greg Valenzuela 0-0: Ball
1-0: Fielders Choice at 2nd, 4-6 (Groundball, 34D, EV 96.2 MPH)
Brian Levensailor to third
Batting: RHB Eric Garrett 0-0: Ball
Greg Valenzuela steals 2nd base
1-0: Foul Ball, location: 2F
1-1: TRIPLE (Line Drive, 89XD, EV 106.2 MPH)
Brian Levensailor scores
Greg Valenzuela scores
Batting: LHB Jeremy Brammer 0-0: Ball
1-0: Swinging Strike
1-1: Ball
2-1: Ball
Wild Pitch!
Eric Garrett scores
3-1: Base on Balls
Batting: RHB Chris Tatum 0-0: Foul Ball, location: 2F
0-1: 2-RUN HOME RUN (Flyball, 7LD, EV 94.4 MPH), Distance : 335 ft
Batting: RHB Bryce Hickman 0-0: Ball
1-0: Ball
2-0: Fly out, F7 (Flyball, 7D, EV 93.1 MPH)
Batting: RHB Guillermo Veronese 0-0: Called Strike
0-1: Ground out 6-3 (Groundball, 6M, EV 110.0 MPH)
Top of the 3rd over - 5 runs, 3 hits, 0 errors, 0 left on base; Hartford 6 - Augusta 0
BOTTOM OF THE 3RD
Augusta GreenJackets batting - Pitching for Hartford Yard Goats : RHP Dave Spriggs
Batting: LHB J.P. Olson 0-0: Ball
1-0: Ground out U3 (Groundball, 3, EV 79.4 MPH)
Batting: LHB Gil Caraveo 0-0: Ball
1-0: SINGLE (Groundball, 56D, EV 106.2 MPH)
Batting: LHB Jared Paige 0-0: Called Strike
0-1: Foul Ball, location: 2F
0-2: Ball
1-2: Strikes out swinging
Gil Caraveo steals 2nd base
Batter strikes out.
Batting: RHB Josh Lippens 0-0: Called Strike
0-1: Ball
1-1: Called Strike
1-2: Ball
2-2: Ground out 5-3 (Groundball, 56, EV 87.5 MPH)
Bottom of the 3rd over - 0 runs, 1 hit, 0 errors, 1 left on base; Hartford 6 - Augusta 0
TOP OF THE 4TH
Hartford Yard Goats batting - Pitching for Augusta GreenJackets : RHP Dan Post
Batting: LHB Elijah Black 0-0: Ground out 2-3 (Groundball, 15S, EV 70.6 MPH)
Batting: LHB Brian Levensailor 0-0: Ball
1-0: Ball
2-0: Ground out U3 (Groundball, 3, EV 88.8 MPH)
Batting: LHB Glenn Lowther 0-0: Ball
1-0: SINGLE (Groundball, 6D, EV 96.2 MPH)
Pitching: RHP John Bittinger
Batting: LHB Greg Valenzuela 0-0: Called Strike
Glenn Lowther steals 2nd base (no throw)
0-1: Ball
1-1: Ground out U3 (Groundball, 3L, EV 106.2 MPH)
Top of the 4th over - 0 runs, 1 hit, 0 errors, 1 left on base; Hartford 6 - Augusta 0
BOTTOM OF THE 4TH
Augusta GreenJackets batting - Pitching for Hartford Yard Goats : RHP Dave Spriggs
Batting: RHB Devin Lowery 0-0: Ball
1-0: Ball
2-0: Foul Ball, location: 2F
2-1: Foul Ball, location: 2F
2-2: Strikes out swinging
Batting: RHB Jonathan Reece 0-0: Foul Ball, location: 2F
0-1: Swinging Strike
0-2: Strikes out swinging
Batting: RHB Micah McErlean 0-0: Called Strike
0-1: Ball
1-1: Ball
2-1: Called Strike
2-2: Fly out, F4 (Popup, 3DF, EV 68.8 MPH)
Bottom of the 4th over - 0 runs, 0 hits, 0 errors, 0 left on base; Hartford 6 - Augusta 0
TOP OF THE 5TH
Hartford Yard Goats batting - Pitching for Augusta GreenJackets : RHP John Bittinger
Batting: RHB Eric Garrett 0-0: Ball
1-0: Ball
2-0: Ball
3-0: Base on Balls
Batting: LHB Jeremy Brammer 0-0: Ball
1-0: Called Strike
1-1: Ball
2-1: Ball
3-1: Fielders Choice at 2nd, 5-4 (Groundball, 56, EV 88.1 MPH)
Batting: RHB Chris Tatum 0-0: Ball
1-0: Ball
2-0: DOUBLE (Line Drive, 78D, EV 106.2 MPH)
Jeremy Brammer to third
Batting: RHB Bryce Hickman 0-0: Ball
1-0: Reached on error, E1 (Groundball, 15S, EV 70.6 MPH)
Jeremy Brammer scores
Chris Tatum to third
Batting: RHB Guillermo Veronese 0-0: Ball
1-0: Ball
2-0: Foul Ball, location: 2F
2-1: Ball
3-1: SINGLE (Line Drive, 4MD, EV 99.4 MPH)
Chris Tatum scores
Bryce Hickman to second
Batting: LHB Elijah Black 0-0: Called Strike
0-1: Foul Ball, location: 2F
0-2: Ball
1-2: Fielders Choice at 2nd, 3-6 (Groundball, 13, EV 85.6 MPH)
Bryce Hickman to third
Batting: LHB Brian Levensailor 0-0: Ball
1-0: Swinging Strike
1-1: Ball
2-1: Fly out, F8 (Line Drive, 78M, EV 105.0 MPH)
Top of the 5th over - 2 runs, 2 hits, 1 error, 2 left on base; Hartford 8 - Augusta 0
BOTTOM OF THE 5TH
Augusta GreenJackets batting - Pitching for Hartford Yard Goats : RHP Dave Spriggs
Batting: RHB Gabe Ochoa 0-0: Called Strike
0-1: Swinging Strike
0-2: Strikes out swinging
Batting: RHB Ryan Johnston 0-0: Called Strike
0-1: Ball
1-1: Ball
2-1: Swinging Strike
2-2: Fly out, F6 (Line Drive, 6, EV 65.0 MPH)
Batting: LHB J.P. Olson 0-0: Ball
1-0: Ball
2-0: Called Strike
2-1: Ball
3-1: Swinging Strike
3-2: Foul Ball, location: 2F
3-2: Base on Balls
Batting: LHB Gil Caraveo 0-0: Called Strike
J.P. Olson steals 2nd base
0-1: Called Strike
0-2: Ball
1-2: Reached via error on a dropped throw from 1B, E1 (Groundball, 34, EV 82.5 MPH)
J.P. Olson to third
Batting: LHB Jared Paige 0-0: Ball
1-0: Swinging Strike
1-1: Swinging Strike
1-2: Fly out, F7 (Flyball, 78M, EV 93.1 MPH)
Bottom of the 5th over - 0 runs, 0 hits, 1 error, 2 left on base; Hartford 8 - Augusta 0
TOP OF THE 6TH
Hartford Yard Goats batting - Pitching for Augusta GreenJackets : RHP John Bittinger
Batting: LHB Glenn Lowther 0-0: Called Strike
0-1: Ball
1-1: Ball
2-1: Foul Ball, location: 2F
2-2: Fly out, F7 (Flyball, 7D, EV 106.2 MPH)
Pitching: LHP Kyle Worford
Batting: LHB Greg Valenzuela 0-0: Ball
1-0: Ground out 4-3 (Groundball, 4S, EV 65.0 MPH)
Batting: RHB Eric Garrett 0-0: Called Strike
0-1: SINGLE (Groundball, 56D, EV 103.1 MPH)
Batting: LHB Jeremy Brammer 0-0: Called Strike
0-1: Swinging Strike
0-2: Strikes out looking
Top of the 6th over - 0 runs, 1 hit, 0 errors, 1 left on base; Hartford 8 - Augusta 0
BOTTOM OF THE 6TH
Augusta GreenJackets batting - Pitching for Hartford Yard Goats : RHP Dave Spriggs
Batting: RHB Josh Lippens 0-0: Called Strike
0-1: Ground out 6-3 (Groundball, 6, EV 104.4 MPH)
Pitching: RHP Angelo Ayala
Batting: RHB Devin Lowery 0-0: Called Strike
0-1: Ball
1-1: Swinging Strike
1-2: Strikes out looking
Batting: RHB Jonathan Reece 0-0: Reached on error, E3 (Groundball, 34S, EV 90.6 MPH)
Batting: RHB Micah McErlean 0-0: Ball
1-0: Swinging Strike
1-1: Foul Ball, location: 2F
1-2: Ball
2-2: Ball
3-2: Ground out 5-3 (Groundball, 56, EV 100.6 MPH)
Bottom of the 6th over - 0 runs, 0 hits, 1 error, 1 left on base; Hartford 8 - Augusta 0
TOP OF THE 7TH
Hartford Yard Goats batting - Pitching for Augusta GreenJackets : LHP Kyle Worford
Batting: RHB Chris Tatum 0-0: Fly out, F7 (Flyball, 78D, EV 96.2 MPH)
Batting: RHB Bryce Hickman 0-0: Called Strike
0-1: Ball
1-1: Fly out, F9 (Flyball, 89S, EV 73.1 MPH)
Batting: RHB Guillermo Veronese 0-0: Called Strike
0-1: Foul Ball, location: 2F
0-2: Strikes out swinging
Top of the 7th over - 0 runs, 0 hits, 0 errors, 0 left on base; Hartford 8 - Augusta 0
BOTTOM OF THE 7TH
Augusta GreenJackets batting - Pitching for Hartford Yard Goats : RHP Angelo Ayala
Batting: RHB Gabe Ochoa 0-0: Ball
1-0: Foul Ball, location: 2F
1-1: Fly out, F9 (Flyball, 89M, EV 82.5 MPH)
Batting: RHB Ryan Johnston 0-0: Called Strike
0-1: Ball
1-1: Swinging Strike
1-2: Foul Ball, location: 2F
1-2: Ball
2-2: Ball
3-2: Foul Ball, location: 2F
3-2: Foul Ball, location: 2F
3-2: Base on Balls
Batting: LHB J.P. Olson 0-0: Foul Ball, location: 2F
0-1: Swinging Strike
0-2: Foul Ball, location: 2F
0-2: Ball
Ryan Johnston steals 2nd base (no throw)
1-2: Ball
2-2: 2-RUN HOME RUN (Flyball, 9D, EV 101.2 MPH), Distance : 390 ft
Batting: LHB Gil Caraveo 0-0: Ball
1-0: Ball
2-0: Ball
3-0: Base on Balls
Pitching: LHP Dan Ott
Batting: LHB Jared Paige 0-0: Ball
1-0: Called Strike
Gil Caraveo steals 2nd base
1-1: Called Strike
Gil Caraveo steals 3rd base
1-2: Fly out, F8 (Flyball, 8LS, EV 85.0 MPH)
Batting: RHB Josh Lippens 0-0: Foul Ball, location: 2F
0-1: Foul Ball, location: 2F
0-2: Ball
1-2: Ball
2-2: Foul Ball, location: 2F
2-2: DOUBLE (Groundball, 5L, EV 101.9 MPH)
Gil Caraveo scores
Batting: RHB Devin Lowery 0-0: Called Strike
0-1: Swinging Strike
0-2: Ball
1-2: Ground out 5-3 (Groundball, 56S, EV 81.9 MPH)
Bottom of the 7th over - 3 runs, 2 hits, 0 errors, 1 left on base; Hartford 8 - Augusta 3
TOP OF THE 8TH
Hartford Yard Goats batting - Pitching for Augusta GreenJackets : LHP Kyle Worford
Batting: LHB Elijah Black 0-0: Ball
1-0: Ball
2-0: Called Strike
2-1: Foul Ball, location: 2F
2-2: Ground out 6-3 (Groundball, 6, EV 85.6 MPH)
Batting: LHB Brian Levensailor 0-0: Called Strike
0-1: Called Strike
0-2: Foul Ball, location: 2F
0-2: Fly out, F7 (Flyball, 78D, EV 106.2 MPH)
Batting: LHB Glenn Lowther 0-0: Swinging Strike
0-1: Ball
1-1: Ball
2-1: Called Strike
2-2: SINGLE (Groundball, 5S, EV 65.0 MPH) (infield hit)
Batting: LHB Greg Valenzuela 0-0: Ball
Glenn Lowther steals 2nd base (no throw)
1-0: Ground out 4-3 (Groundball, 4, EV 105.0 MPH)
Top of the 8th over - 0 runs, 1 hit, 0 errors, 1 left on base; Hartford 8 - Augusta 3
BOTTOM OF THE 8TH
Augusta GreenJackets batting - Pitching for Hartford Yard Goats : LHP Dan Ott
Batting: RHB Jonathan Reece 0-0: Ball
1-0: Ball
2-0: Foul Ball, location: 2F
2-1: Ball
3-1: Called Strike
3-2: Base on Balls
Pitching: RHP Tony Barragan
Batting: RHB Micah McErlean 0-0: Ball
1-0: Called Strike
1-1: Called Strike
1-2: Fielders Choice at 2nd, 6-4 (Groundball, 6, EV 83.8 MPH)
Batting: RHB Gabe Ochoa 0-0: Called Strike
0-1: Ball
1-1: Fly out, F9 (Flyball, 9LM, EV 106.2 MPH)
Batting: RHB Ryan Johnston 0-0: Ball
1-0: Ball
2-0: SINGLE (Groundball, 4MD, EV 95.6 MPH)
Micah McErlean to second
Batting: LHB J.P. Olson 0-0: Ball
1-0: Ball
2-0: Called Strike
2-1: Ball
3-1: Base on Balls
Micah McErlean to third
Ryan Johnston to second
Batting: LHB Gil Caraveo 0-0: Ball
1-0: Ground out U3 (Groundball, 3L, EV 101.2 MPH)
Bottom of the 8th over - 0 runs, 1 hit, 0 errors, 3 left on base; Hartford 8 - Augusta 3
TOP OF THE 9TH
Hartford Yard Goats batting - Pitching for Augusta GreenJackets : LHP Kyle Worford
Batting: RHB Eric Garrett 0-0: Called Strike
0-1: Foul Ball, location: 2F
0-2: Ball
1-2: Ground out 6-3 (Groundball, 6, EV 80.6 MPH)
Batting: LHB Jeremy Brammer 0-0: Ball
1-0: Called Strike
1-1: Ball
2-1: Fly out, F8 (Flyball, 8RXD, EV 107.5 MPH)
Batting: RHB Chris Tatum 0-0: Ball
1-0: Swinging Strike
1-1: DOUBLE (Line Drive, 89XD, EV 105.6 MPH)
Pitching: RHP Brian Yinger
Batting: RHB Bryce Hickman 0-0: DOUBLE (Line Drive, 7LS, EV 104.4 MPH)
Chris Tatum scores
Batting: RHB Guillermo Veronese 0-0: Called Strike
0-1: Swinging Strike
0-2: Foul Ball, location: 2F
0-2: Foul Ball, location: 2F
0-2: Foul Ball, location: 2F
0-2: Strikes out swinging
Top of the 9th over - 1 run, 2 hits, 0 errors, 1 left on base; Hartford 9 - Augusta 3
BOTTOM OF THE 9TH
Augusta GreenJackets batting - Pitching for Hartford Yard Goats : RHP Tony Barragan
Batting: LHB Jared Paige 0-0: Foul Ball, location: 2F
0-1: Called Strike
0-2: Ball
1-2: Ball
2-2: Strikes out swinging
Pitching: LHP Juan Vargas
Batting: RHB Josh Lippens 0-0: SINGLE (Groundball, 6MD, EV 95.0 MPH)
Batting: RHB Devin Lowery 0-0: Ball
1-0: Ball
2-0: SINGLE (Groundball, 56D, EV 102.5 MPH)
Josh Lippens to second
Batting: RHB Jonathan Reece 0-0: Ball
1-0: Grounds into double play, 5-4-3 (Groundball, 56S, EV 80.6 MPH)
Bottom of the 9th over - 0 runs, 2 hits, 0 errors, 1 left on base; Hartford 9 - Augusta 3
Wednesday, June 22nd , 2022 - OOTP Baseball 23.4 Build 64